[Event "1st Bangalore GM-Open-A 2024"]
[Site "Bangalore"]
[Date "2024.01.23"]
[Round "7.11"]
[White "Nithin Babu"]
[Black "Sammed Jaykumar, Shete"]
[Result "1-0"]
[ECO "B45"]
[WhiteElo "2177"]
[BlackElo "2441"]
[Annotator "TA"]
[PlyCount "79"]
[EventDate "2024.01.20"]
[EventType "swiss"]
[EventCountry "IND"]
[SourceTitle "playchess.com"]
[Source "ChessBase"]
[SourceQuality "1"]
[TimeControl "5400+30"]

1. e4 c5 2. Nf3 e6 3. d4 cxd4 4. Nxd4 Nc6 5. Nc3 Nf6 6. Nxc6 bxc6 7. e5 Nd5 8. Ne4 Qc7 9. f4 Qb6 10. c4 Bb4+ 11. Ke2 f5 12. Nf2 Ba6 13. Kf3 Ne7 14. Be3 Bc5 15. Bxc5 {[%emt 0:00:51] B45: Sicilian Four Knights.} Qxc5 16. Qd6 Qa5 17. h4 {[%emt 0:06:59] The position is equal.} Nc8 {[%emt 0:10:40] [#] 17...Rd8 gains popularity.} (17... Rd8 $11) 18. Qd4 $146 {[%emt 0:03:20] Black must now prevent Nd3.} ({Predecessor:} 18. Qd3 Nb6 19. b3 O-O 20. Be2 d5 21. exd6 e5 22. fxe5 Qxe5 23. Rad1 Rae8 24. Rhe1 {1-0 Fuka,M (2082)-Celbr,R (2023) CZE-ch qf285 email 2004}) 18... c5 19. Qe3 Rb8 (19... O-O $11) 20. b3 $16 Ne7 21. Nd3 $36 {[%emt 0:07:54][%mdl 2048] White is in control.} Rc8 22. Kf2 Bb7 23. Be2 Ng8 (23... O-O $16) 24. a3 $1 $18 Qb6 {[%emt 0:00:23] [#]} 25. Rhc1 (25. b4 $1 $18) 25... Nh6 {[%emt 0:00:33] [#]} (25... Be4 $16) 26. b4 $1 Qc6 27. g3 (27. Qxc5 $2 Qxg2+ 28. Ke1 Rxc5 $19) (27. Rg1 $18) 27... Ng4+ 28. Bxg4 fxg4 {[%emt 0:00:08] Black is weak on the dark squares} 29. Nxc5 {[%emt 0:03:23] Active counter play!} (29. bxc5 $6 Qg2+ 30. Ke1 Be4 $11) 29... Qg2+ 30. Ke1 Ba8 (30... h6 $16 31. Qf2 g5) 31. Qf2 Qc6 32. Rd1 O-O 33. Kd2 ({Not} 33. Rxd7 Qh1+ 34. Qf1 Qh2 35. Nxe6 Qb2 36. Rxg7+ Kh8 $11) 33... d6 (33... Qc7 $142 34. Ke1 Rf7) 34. exd6 ({Weaker is} 34. Nxe6 Qxc4 35. Nxf8 dxe5 $11) 34... e5 (34... Qxd6+ {might work better.} 35. Kc3 Qc6) 35. Kc3 {[%emt 0:01:47] White is clearly winning.} exf4 36. gxf4 Rf6 37. d7 Rd8 38. Qe3 Kf7 39. Re1 {[%emt 0:00:46] aiming for Qe7+.} Qf3 40. Rad1 {[%emt 0:04:15] Against Rd6. Excellently played by Nithin Babu!   Weighted Error Value: White=0.41/Black=0.57} 1-0

[Event "1st Bangalore GM-Open-A 2024"]
[Site "Bangalore"]
[Date "2024.01.23"]
[Round "7.12"]
[White "Saravana, Krishnan P."]
[Black "Ghosh, Diptayan"]
[Result "0-1"]
[ECO "B40"]
[WhiteElo "2269"]
[BlackElo "2568"]
[Annotator "RC"]
[PlyCount "150"]
[EventDate "2024.01.20"]
[EventType "swiss"]
[EventCountry "IND"]
[SourceTitle "playchess.com"]
[Source "ChessBase"]
[SourceQuality "1"]
[TimeControl "5400+30"]

1. e4 c5 2. Nf3 e6 3. d4 cxd4 4. Nxd4 Nf6 5. Nc3 Nc6 6. Nxc6 bxc6 7. Bd3 d5 8. O-O Be7 9. Qe2 O-O 10. b3 Re8 11. Bb2 e5 12. Na4 Bd6 13. Rfe1 Bg4 14. Qe3 Qe7 15. Qg5 h6 16. Qh4 Qf8 17. f3 Bd7 18. Kh1 Rab8 19. Bc1 Qe7 20. Be3 Be6 21. c3 Rbd8 22. Rad1 Bc8 23. Qf2 dxe4 24. Bxe4 Nxe4 25. fxe4 Bb8 26. Bc5 Qc7 27. Qh4 f6 28. c4 Qf7 29. Nc3 Bc7 30. Ne2 Ba5 31. Rf1 Qg6 32. h3 Bb6 33. Bxb6 axb6 34. Ng1 Rd4 35. Rde1 c5 36. Nf3 Rd3 37. Qf2 Red8 38. Re2 Qh5 39. Kg1 Kh7 40. Re3 Bb7 41. Rxd3 Rxd3 42. Qe2 Rd8 43. Qe3 Qe8 44. Re1 Qd7 45. Kf2 Bc6 46. Qc3 Qb7 47. Qc2 Rd6 48. Re2 g6 49. a3 Qa8 50. a4 Kg7 51. Ke3 Qd8 52. Rd2 Rxd2 53. Qxd2 Qxd2+ 54. Nxd2 f5 55. g3 Kf6 56. exf5 gxf5 57. Nb1 Kg5 58. Nc3 f4+ 59. Kf2 e4 60. gxf4+ Kxf4 61. Ne2+ Kg5 62. Ke3 Kh4 63. Nf4 Kg3 64. Nd5 Kxh3 65. Kxe4 Kg3 66. Ke5 h5 67. Ne7 Bd7 68. Ng6 Be8 69. Ne7 Kg4 70. Nd5 h4 71. Nf6+ Kf3 72. Nh7 Bg6 73. Ng5+ Kg4 74. Kf6 Bc2 75. b4 cxb4 0-1

[Event "1st Bangalore GM-Open-A 2024"]
[Site "Bangalore"]
[Date "2024.01.23"]
[Round "7.13"]
[White "Ayush Sharma"]
[Black "Sankalp Gupta"]
[Result "1/2-1/2"]
[ECO "C60"]
[WhiteElo "2378"]
[BlackElo "2535"]
[Annotator "TA"]
[PlyCount "84"]
[EventDate "2024.01.20"]
[EventType "swiss"]
[EventCountry "IND"]
[SourceTitle "playchess.com"]
[Source "ChessBase"]
[SourceQuality "1"]
[TimeControl "5400+30"]

1. e4 e5 2. Nf3 Nc6 3. Bb5 Nge7 4. O-O Ng6 5. d4 exd4 6. Nxd4 Bc5 7. Nf5 O-O 8. Be3 Bxe3 9. Nxe3 {[%emt 0:00:18] White is slightly better.} Nce7 10. Nc3 d6 11. Qd2 Kh8 12. Ned5 f5 13. Nxe7 Qxe7 14. exf5 Bxf5 15. Rae1 Qf6 16. f4 c6 17. Be2 d5 18. Bf3 Nh4 19. Bh5 Qh6 20. Bd1 Qg6 21. Re5 d4 22. Na4 Qd6 23. g4 Bd7 (23... Be6 $1 $11) 24. Nc5 $14 Ng6 $1 {[%emt 0:03:55][%cal Bh4g6,Bg6e7,Be7c6,Bc6d4][%mdl 32] [#]} 25. Nxd7 Qxd7 26. Re4 c5 27. f5 Ne7 28. c3 Nc6 29. Bb3 $36 {[%emt 0:01:36][%cal Bd1b3,Bb3e6,Be6d5,Bd5c4][%mdl 2080] White is more active. Black is weak on the light squares} Rad8 30. Be6 {[%emt 0:01:43] White is more active.} Qe7 31. c4 Qh4 32. Rf3 {[%emt 0:02:43][%cal Bf1f3,Bf3d3,Bd3d1][%mdl 32] Strongly threatening Kg2.} d3 33. Rxd3 Nd4 {[%emt 0:00:02][%cal Od4f3] White must now prevent ...Nf3+!} 34. Bd5 b5 {[%emt 0:01:47] ...bxc4 is the strong threat.} 35. Qg2 bxc4 36. Bxc4 Qg5 37. Re1 {[%emt 0:00:53] Wards off Qc1} (37. Rh3 $16) 37... Rde8 $11 38. Rdd1 Qh4 {[%emt 0:00:45] [#]} (38... h5 $14) 39. Rxe8 $1 $16 Rxe8 {[%emt 0:00:01] [#]} 40. h3 ({White should play} 40. Rf1 $1 $16) 40... Nxf5 $11 {[%emt 0:07:23] The position is equal.} 41. Qf2 {[%emt 0:00:07] Prevents Ne3} Qxh3 42. Qxf5 {[%emt 0:00:23][%cal Of5f4] Threatens to win with Qf4!} Qg3+ {[%emt 0:00:40] Weighted Error Value: White=0.12 (very precise) /Black=0.10 (very precise) .  Mistake:       	White=2     	Black=3      Inaccurate:     	White=3     	Black=1      OK:         	White=18    	Black=18     Best:        	White=1     	Black=2      Strong:       	White=1     	Black=1} 1/2-1/2

[Event "1st Bangalore GM-Open-A 2024"]
[Site "Bangalore"]
[Date "2024.01.23"]
[Round "7.14"]
[White "Kushagra Mohan"]
[Black "Savchenko, Boris"]
[Result "1/2-1/2"]
[ECO "B94"]
[WhiteElo "2374"]
[BlackElo "2489"]
[Annotator "TA"]
[PlyCount "82"]
[EventDate "2024.01.20"]
[EventType "swiss"]
[EventCountry "IND"]
[SourceTitle "playchess.com"]
[Source "ChessBase"]
[SourceQuality "1"]
[TimeControl "5400+30"]

1. e4 c5 2. Nf3 d6 3. d4 cxd4 4. Nxd4 Nf6 5. Nc3 a6 6. Bg5 Nbd7 7. Bc4 Qb6 8. Bb3 {[%emt 0:00:04] OK} e6 {[%emt 0:06:18] Best (Easy)} 9. Qd2 Nc5 {[%emt 0:10:07] The position is equal.} 10. Bxf6 {[%emt 0:02:17] OK} gxf6 11. O-O-O Qa5 {[%emt 0:05:05] Inaccurate} 12. Rhe1 Bd7 {[%emt 0:04:05] OK} 13. f4 {[%emt 0:12:53][%cal Bf2f4,Bf4f5][%mdl 32] EV=24.40} O-O-O {[%emt 0:05:31] OK} 14. Kb1 Kb8 15. f5 h5 16. Qf2 {[%emt 0:01:11] OK} Be7 {[%emt 0:02:47] Inaccurate} 17. g3 {[%emt 0:00:46][%cal Bg2g3,Bg3h4][%mdl 32] EV=16.49. Goes to h4 (dbg)). Inaccurate} Rc8 18. Qf3 {[%emt 0:00:51] Inaccurate} b5 {[%emt 0:02:50][%cal Bb7b5,Bb5b4][%mdl 32] EV=17.42. Goes to b4 (dbg)). OK} 19. fxe6 {[%emt 0:11:50] OK} fxe6 20. Nce2 {[%emt 0:00:08] OK} Rhe8 {[%emt 0:13:06] Inaccurate} 21. c3 {[%emt 0:06:07][%cal Bc2c3,Bc3c4][%mdl 32] EV=13.18. Goes to c4 (dbg)). OK} h4 {[%emt 0:07:33] Inaccurate} 22. gxh4 {[%emt 0:00:55] Best (Easy)} Nxb3 {[%emt 0:03:42] Mistake (0.5)} (22... Qb6 $16 {is a better defense.} 23. h5 f5) 23. axb3 b4 {[%emt 0:00:23] OK} 24. c4 f5 {[%emt 0:01:35] Mistake (0.9)} (24... Rc7 $16 {keeps fighting.} 25. h5 Bc8) 25. exf5 $18 {[%emt 0:03:46] Best (Easy)} e5 26. Ne6 {[%emt 0:01:15] OK} Bxh4 {[%emt 0:00:10][%cal Rd7e6] OK} 27. Ng3 {[%emt 0:02:46] Inaccurate} Bxe6 {[%emt 0:00:43] Best} 28. fxe6 Rxe6 {[%emt 0:00:47] [#]} 29. Qg4 $1 {[%emt 0:01:53][%csl LRe6,LRh4] Strong} Bxg3 {[%emt 0:01:02] OK} 30. Qxe6 {[%emt 0:00:54] Best (Easy)} ({Don't play} 30. hxg3 Rce8) 30... Bxe1 {[%emt 0:00:05] OK} 31. Qxd6+ $2 {[%emt 0:01:25] Missed win (1.6)} ({Only move:} 31. Rxe1 $18 {[%cal Oe1d1] And now Rd1! would win.} Qb6 32. Rxe5 Qg1+ 33. Re1 Qxh2 34. Ka2) 31... Qc7 $11 {[%emt 0:00:07] Best (Easy). White has an edge.} 32. Qxc7+ {[%emt 0:00:29] OK} Kxc7 33. Rxe1 {[%emt 0:00:26][%cal Oh2h4][%mdl 4096] Endgame. KR-KR. OK} Rh8 34. Rxe5 {[%emt 0:04:12] OK} Rxh2 {[%emt 0:00:07] OK} 35. Rd5 Kc6 {[%emt 0:00:31] OK} 36. Kc1 Kb6 37. Rd2 Rh3 {[%emt 0:00:19] OK} 38. Kc2 {[%emt 0:00:03] OK} Rg3 {[%emt 0:00:51] OK} 39. Rd6+ Kb7 {[%emt 0:01:06] OK} 40. Rd3 {[%emt 0:00:45] OK} Rg2+ 41. Rd2 Rg3 {[%emt 0:00:40] Black escapes into a draw.   Weighted Error Value: White=0.16 (very precise) /Black=0.14 (very precise) . OK.  Missed win:     	White=1     	---        Mistake:       	---       	Black=2      Inaccurate:     	White=3     	Black=4      OK:         	White=12    	Black=13     Best:        	White=3     	Black=3      Strong:       	White=1     	---} 1/2-1/2

[Event "1st Bangalore GM-Open-A 2024"]
[Site "Bangalore"]
[Date "2024.01.23"]
[Round "7.15"]
[White "Muthaiah AL"]
[Black "Nguyen Van Huy"]
[Result "1/2-1/2"]
[ECO "D11"]
[WhiteElo "2464"]
[BlackElo "2364"]
[Annotator "RC"]
[PlyCount "131"]
[EventDate "2024.01.20"]
[EventType "swiss"]
[EventCountry "IND"]
[SourceTitle "playchess.com"]
[Source "ChessBase"]
[SourceQuality "1"]
[TimeControl "5400+30"]

1. Nf3 Nf6 2. g3 d5 3. Bg2 c6 4. O-O Bg4 5. d4 Nbd7 6. h3 Bh5 7. c4 e6 8. Qb3 Qb6 9. Nc3 Be7 10. Nh4 O-O 11. g4 Bg6 12. Nxg6 hxg6 13. Rd1 Rfd8 14. Bf4 Qb4 15. Qxb4 Bxb4 16. cxd5 exd5 17. a3 Be7 18. g5 Nh5 19. Bd2 Nf8 20. h4 Ne6 21. e3 f6 22. b4 fxg5 23. hxg5 Nxg5 24. b5 Nf6 25. a4 Rac8 26. bxc6 bxc6 27. Rab1 Rb8 28. Kf1 Bd6 29. Ke2 Kf7 30. Be1 Ke7 31. Na2 Ne6 32. Nb4 Bxb4 33. Bxb4+ Kd7 34. Ba5 Rh8 35. Rg1 g5 36. Bd2 g4 37. Rh1 Rhe8 38. Kd3 c5 39. dxc5 Nxc5+ 40. Ke2 Nce4 41. Rhc1 Rec8 42. Be1 Rc2+ 43. Kf1 Rxf2+ 44. Bxf2 Rxb1 45. Rxb1 Nd2+ 46. Ke1 Nxb1 47. e4 Nxe4 48. Bxa7 Nbc3 49. a5 Kc6 50. a6 Nb5 51. Be3 Nc5 52. Kf2 Nxa6 53. Kg3 Nc5 54. Kxg4 Ne6 55. Bh6 g6 56. Bf1 Nd6 57. Bd3 Nf7 58. Bf4 Nxf4 59. Kxf4 g5+ 60. Kf5 g4 61. Bf1 Nh6+ 62. Kg5 d4 63. Kxh6 g3 64. Kg5 d3 65. Bxd3 Kd5 66. Bf1 1/2-1/2

[Event "1st Bangalore GM-Open-A 2024"]
[Site "Bangalore"]
[Date "2024.01.23"]
[Round "7.16"]
[White "Shyaamnikhil P"]
[Black "Kumar, Gaurav"]
[Result "1/2-1/2"]
[ECO "B51"]
[WhiteElo "2443"]
[BlackElo "1953"]
[Annotator "RC"]
[PlyCount "97"]
[EventDate "2024.01.20"]
[EventType "swiss"]
[EventCountry "IND"]
[SourceTitle "playchess.com"]
[Source "ChessBase"]
[SourceQuality "1"]
[TimeControl "5400+30"]

1. e4 c5 2. Nf3 Nc6 3. Bb5 d6 4. O-O Bd7 5. Re1 a6 6. Bxc6 Bxc6 7. d4 cxd4 8. Nxd4 Nf6 9. Nc3 e6 10. Bg5 Be7 11. Qd2 O-O 12. Rad1 Rc8 13. a3 h6 14. Bh4 Qb6 15. Qc1 Qc5 16. Rd3 Qh5 17. Bg3 d5 18. exd5 Bxd5 19. Be5 Bc6 20. Rh3 Qg6 21. Rg3 Qh7 22. Qd1 Rfd8 23. Qe2 Ne8 24. Nxc6 Rxc6 25. Ne4 f6 26. Bc3 e5 27. Rd3 Rxd3 28. Qxd3 Qf5 29. Rd1 Nd6 30. f3 Nxe4 31. fxe4 Qe6 32. Bb4 Bxb4 33. axb4 Qc4 34. c3 Qxd3 35. Rxd3 b5 36. Kf2 h5 37. Rd7 Kh7 38. Ke3 Kh6 39. h4 Re6 40. b3 Rb6 41. Ra7 Rc6 42. Kd3 Rd6+ 43. Kc2 Rc6 44. Rd7 g5 45. g3 Kg6 46. Re7 Rb6 47. Kd3 Rd6+ 48. Kc2 Rb6 49. Kd3 1/2-1/2

[Event "1st Bangalore GM-Open-A 2024"]
[Site "Bangalore"]
[Date "2024.01.23"]
[Round "7.17"]
[White "Mohammad Nubairshah Shaikh"]
[Black "Dzhumaev, Marat"]
[Result "1/2-1/2"]
[ECO "E91"]
[WhiteElo "2428"]
[BlackElo "2362"]
[Annotator "RC"]
[PlyCount "83"]
[EventDate "2024.01.20"]
[EventType "swiss"]
[EventCountry "IND"]
[SourceTitle "playchess.com"]
[Source "ChessBase"]
[SourceQuality "1"]
[TimeControl "5400+30"]

1. d4 Nf6 2. c4 g6 3. Nc3 Bg7 4. e4 d6 5. Be2 O-O 6. Nf3 c5 7. d5 e6 8. O-O exd5 9. exd5 Re8 10. h3 Bf5 11. Bd3 Bxd3 12. Qxd3 a6 13. a3 Nbd7 14. Be3 Nh5 15. Rae1 Ne5 16. Nxe5 Bxe5 17. b4 b6 18. Bd2 Qd7 19. Ne4 Nf6 20. Ng5 Qf5 21. Qxf5 gxf5 22. bxc5 bxc5 23. Rb1 Rab8 24. Rfe1 Kg7 25. Kf1 h6 26. Nf3 Ne4 27. Ba5 Bf6 28. Bc7 Rxb1 29. Rxb1 Bd4 30. Rb6 Bxf2 31. Bxd6 Bg3 32. Bxg3 Nxg3+ 33. Kg1 Re3 34. Rb1 Ne4 35. Nh4 Kf6 36. Rb6+ Kg5 37. Nf3+ Kf4 38. Rxa6 Rc3 39. Kh2 Rxc4 40. Rxh6 Rc1 41. d6 Rd1 42. Rh4+ 1/2-1/2

[Event "1st Bangalore GM-Open-A 2024"]
[Site "Bangalore"]
[Date "2024.01.23"]
[Round "7.18"]
[White "Tahbaz, Arash"]
[Black "Jaiveer Mahendru"]
[Result "1-0"]
[ECO "D74"]
[WhiteElo "2425"]
[BlackElo "2294"]
[Annotator "RC"]
[PlyCount "111"]
[EventDate "2024.01.20"]
[EventType "swiss"]
[EventCountry "IND"]
[SourceTitle "playchess.com"]
[Source "ChessBase"]
[SourceQuality "1"]
[TimeControl "5400+30"]

1. Nf3 d5 2. g3 g6 3. Bg2 Bg7 4. d4 Nf6 5. O-O O-O 6. c4 c6 7. Nc3 Nbd7 8. cxd5 Nxd5 9. e4 Nxc3 10. bxc3 c5 11. Bg5 h6 12. Be3 cxd4 13. cxd4 Nb6 14. Rc1 Bd7 15. Qb3 e6 16. Ne5 Ba4 17. Qb4 Be8 18. h4 f6 19. Nd3 Bf7 20. Nc5 Qe7 21. a4 Rab8 22. a5 Nd7 23. Na6 Qxb4 24. Nxb4 Rfc8 25. f4 Bf8 26. Bd2 Rxc1 27. Rxc1 Rd8 28. a6 bxa6 29. Nc6 Re8 30. Ba5 e5 31. Bh3 Nb8 32. fxe5 Nxc6 33. Rxc6 fxe5 34. d5 Rb8 35. d6 Rb1+ 36. Kf2 Rb2+ 37. Ke1 Rb3 38. d7 Be7 39. Rc8+ Kh7 40. Re8 Bf6 41. Bd8 Rb8 42. Bxf6 Bxe8 43. d8=Q Rxd8 44. Bxd8 Bc6 45. Bg2 Kg7 46. g4 Kf7 47. Kd2 Ke6 48. Ba5 Bb5 49. Bb4 Kf6 50. Bf8 h5 51. g5+ Kf7 52. Bd6 Ke6 53. Bb4 Kd7 54. Bh3+ Kc6 55. Be6 a5 56. Ba3 1-0

[Event "1st Bangalore GM-Open-A 2024"]
[Site "Bangalore"]
[Date "2024.01.23"]
[Round "7.19"]
[White "Kaustuv, Kundu"]
[Black "Dere Pushkar"]
[Result "0-1"]
[ECO "D45"]
[WhiteElo "2423"]
[BlackElo "2191"]
[Annotator "TA"]
[PlyCount "46"]
[EventDate "2024.01.20"]
[EventType "swiss"]
[EventCountry "IND"]
[SourceTitle "playchess.com"]
[Source "ChessBase"]
[SourceQuality "1"]
[TimeControl "5400+30"]

1. Nf3 d5 2. e3 Nf6 3. c4 c6 4. Nc3 e6 5. b3 Bd6 6. Bb2 O-O 7. Be2 b6 {[%emt 0:00:08][%cal Bb7b6,Bb6b5][%mdl 32] EV=13.63} 8. Qc2 Bb7 9. d4 Nbd7 10. O-O Qe7 11. a4 {[%emt 0:00:10][%cal Ba2a4,Ba4a5][%mdl 32] EV=16.05. Goes to a5 (dbg))} a6 {[%emt 0:05:24] Inaccurate} 12. a5 {[%emt 0:09:27] OK} b5 13. e4 {[%emt 0:13:33] Mistake (0.5)} ({White should play} 13. c5 $14 Bc7 14. e4) 13... dxe4 $11 {[%emt 0:09:02] OK} 14. Nxe4 Nxe4 15. Qxe4 bxc4 {[%emt 0:02:16] OK} 16. bxc4 c5 {[%emt 0:07:02] OK} 17. Qxb7 {[%emt 0:13:42] [#] Bc3 would now be deadly. OK} Rab8 {[%emt 0:01:13] Best (Easy)} 18. Qxa6 {[%emt 0:00:19] OK} Rxb2 {[%emt 0:00:08] OK} 19. Rfe1 {[%emt 0:05:40] OK} cxd4 {[%emt 0:02:49] OK} 20. Nxd4 {[%emt 0:10:09] [#] White is weak on the dark squares. Mistake (1.6)} ({Better is} 20. Qc6 $1 $11) 20... Bc5 $1 $36 {[%emt 0:11:36][%mdl 2048] Black is in control. Black is more active. Strong} 21. Rad1 {[%emt 0:00:56] Mistake (2.7)} (21. Nf3 {was forced.} Rfb8 22. Qc6) 21... Qh4 $19 {[%emt 0:03:57][%cal Rc5d4] OK} 22. g3 {[%emt 0:00:51] OK} Qf6 {[%emt 0:00:08] OK} 23. Nf3 {[%emt 0:00:38] Mistake (5.9)} (23. Rf1 $142 Bxd4 24. Qd6) 23... Ne5 {[%emt 0:00:11] Weighted Error Value: White=1.37/Black=0.03 (flawless) . Best.  Mistake:       	White=4     	---        Inaccurate:     	---       	Black=1      OK:         	White=5     	Black=7      Best:        	---       	Black=2      Strong:       	---       	Black=1} 0-1

[Event "1st Bangalore GM-Open-A 2024"]
[Site "Bangalore"]
[Date "2024.01.23"]
[Round "7.20"]
[White "Dushyant Sharma"]
[Black "Deepan Chakkravarthy J."]
[Result "0-1"]
[ECO "B86"]
[WhiteElo "2357"]
[BlackElo "2422"]
[Annotator "RC"]
[PlyCount "78"]
[EventDate "2024.01.20"]
[EventType "swiss"]
[EventCountry "IND"]
[SourceTitle "playchess.com"]
[Source "ChessBase"]
[SourceQuality "1"]
[TimeControl "5400+30"]

1. e4 c5 2. Nf3 d6 3. d4 cxd4 4. Nxd4 Nf6 5. Nc3 a6 6. Bg5 Nbd7 7. Bc4 e6 8. Bb3 Nc5 9. Qe2 Be7 10. f4 h6 11. Bxf6 Bxf6 12. O-O-O Qc7 13. Kb1 Bd7 14. Qh5 g6 15. Qf3 O-O-O 16. g4 Qb6 17. Qe3 g5 18. f5 Kb8 19. Nde2 Ka7 20. Qf3 Be5 21. h4 Bc6 22. Rh3 a5 23. a4 Qb4 24. Qe3 Bxe4 25. Nd4 exf5 26. gxf5 g4 27. Rg3 Bxg3 28. Qxg3 Nxb3 29. Nxb3 Ka8 30. Nd5 Bxd5 31. Rxd5 Rhe8 32. Rxa5+ Kb8 33. Ka2 b6 34. Ra6 Kb7 35. Qd3 Rc8 36. a5 Qa4+ 37. Kb1 Re1+ 38. Nc1 Rxc1+ 39. Kxc1 Qxc2+ 0-1

[Event "1st Bangalore GM-Open-A 2024"]
[Site "Bangalore"]
[Date "2024.01.23"]
[Round "7.21"]
[White "Omidi, Arya"]
[Black "Panda Sambit"]
[Result "1-0"]
[ECO "B12"]
[WhiteElo "2301"]
[BlackElo "2404"]
[Annotator "RC"]
[PlyCount "61"]
[EventDate "2024.01.20"]
[EventType "swiss"]
[EventCountry "IND"]
[SourceTitle "playchess.com"]
[Source "ChessBase"]
[SourceQuality "1"]
[TimeControl "5400+30"]

1. e4 c6 2. d4 d5 3. e5 c5 4. dxc5 e6 5. c3 Bxc5 6. Qg4 Ne7 7. b4 Bb6 8. Qxg7 Rg8 9. Qxh7 Nbc6 10. Nf3 Qc7 11. Bf4 Bd7 12. b5 Na5 13. Bd3 O-O-O 14. O-O Ng6 15. Bg3 Nc4 16. a4 Ngxe5 17. Nxe5 Nxe5 18. Be2 f5 19. a5 Bc5 20. b6 Qd6 21. bxa7 Bxa7 22. a6 f4 23. axb7+ Kb8 24. Bxf4 Nf3+ 25. Bxf3 Qxf4 26. Qe7 Bc6 27. Nd2 Rh8 28. Rfb1 Bxf2+ 29. Kf1 Rd7 30. Ra8+ Kc7 31. Rxh8 1-0

[Event "1st Bangalore GM-Open-A 2024"]
[Site "Bangalore"]
[Date "2024.01.23"]
[Round "7.22"]
[White "Daaevik Wadhawan"]
[Black "Venkatesh, M.R."]
[Result "1/2-1/2"]
[ECO "A21"]
[WhiteElo "1997"]
[BlackElo "2392"]
[Annotator "RC"]
[PlyCount "78"]
[EventDate "2024.01.20"]
[EventType "swiss"]
[EventCountry "IND"]
[SourceTitle "playchess.com"]
[Source "ChessBase"]
[SourceQuality "1"]
[TimeControl "5400+30"]

1. c4 e5 2. Nc3 Bb4 3. Nd5 Be7 4. d4 exd4 5. Qxd4 Nf6 6. Nxe7 Qxe7 7. Bg5 Nc6 8. Qc3 Ne5 9. e3 d6 10. Ne2 h6 11. Bxf6 Qxf6 12. f3 O-O 13. Nf4 Re8 14. Be2 Qg5 15. g3 Ng6 16. Qd4 Nxf4 17. gxf4 Qh4+ 18. Kd2 Bf5 19. Rag1 g6 20. Rg3 c5 21. Qc3 Rad8 22. Rhg1 Kh7 23. Kc1 b5 24. Qd2 bxc4 25. Bxc4 d5 26. Bb5 Re6 27. Bd3 Bxd3 28. Qxd3 f5 29. Kb1 d4 30. e4 fxe4 31. Qb3 Qf6 32. Rxg6 Qxg6 33. Rxg6 Rxg6 34. Qf7+ Rg7 35. Qf5+ Kh8 36. Qf6 Rdd7 37. Qxh6+ Kg8 38. Qe6+ Kf8 39. Qf5+ Kg8 1/2-1/2

[Event "1st Bangalore GM-Open-A 2024"]
[Site "Bangalore"]
[Date "2024.01.23"]
[Round "7.23"]
[White "Sriram Adarsh Uppala"]
[Black "Subhayan Kundu"]
[Result "0-1"]
[ECO "D00"]
[WhiteElo "1900"]
[BlackElo "2385"]
[Annotator "RC"]
[PlyCount "86"]
[EventDate "2024.01.20"]
[EventType "swiss"]
[EventCountry "IND"]
[SourceTitle "playchess.com"]
[Source "ChessBase"]
[SourceQuality "1"]
[TimeControl "5400+30"]

1. d4 d5 2. Nc3 Nf6 3. Bf4 e6 4. Nb5 Bb4+ 5. c3 Ba5 6. a4 a6 7. b4 Nc6 8. bxa5 axb5 9. axb5 Nxa5 10. Bg5 Bd7 11. e3 Nc4 12. Bxc4 dxc4 13. e4 Bxb5 14. Rxa8 Qxa8 15. Bxf6 gxf6 16. Ne2 Qa2 17. O-O Ke7 18. Ng3 Qa5 19. Qf3 Bd7 20. d5 Rg8 21. Re1 e5 22. h3 Qa3 23. Re3 b5 24. Qh5 b4 25. cxb4 Qxb4 26. Qf3 Rb8 27. Ne2 Qe1+ 28. Kh2 Rb2 29. Kg3 Qd1 30. Nc3 Qxf3+ 31. Rxf3 Rd2 32. Nb1 Rd4 33. Na3 Ba4 34. Rc3 Bb3 35. Kf3 Kd6 36. Nb5+ Kc5 37. Nxc7 Bd1+ 38. Kg3 Rd3+ 39. Rxd3 cxd3 40. d6 Kxd6 41. Nb5+ Kc5 42. Nc3 Bc2 43. Kg4 Kd4 0-1

[Event "1st Bangalore GM-Open-A 2024"]
[Site "Bangalore"]
[Date "2024.01.23"]
[Round "7.24"]
[White "Lalit Babu M R"]
[Black "Majumder Shrayan"]
[Result "1-0"]
[ECO "D34"]
[WhiteElo "2525"]
[BlackElo "1916"]
[Annotator "RC"]
[PlyCount "27"]
[EventDate "2024.01.20"]
[EventType "swiss"]
[EventCountry "IND"]
[SourceTitle "playchess.com"]
[Source "ChessBase"]
[SourceQuality "1"]
[TimeControl "5400+30"]

1. Nf3 d5 2. c4 e6 3. g3 c5 4. Bg2 Nf6 5. O-O Nc6 6. cxd5 exd5 7. d4 Be7 8. Nc3 O-O 9. Bf4 c4 10. Ne5 Be6 11. Nxc4 dxc4 12. d5 Nxd5 13. Nxd5 Bd6 14. Bxd6 1-0

[Event "1st Bangalore GM-Open-A 2024"]
[Site "Bangalore"]
[Date "2024.01.23"]
[Round "7.25"]
[White "Teterev, Vitaly"]
[Black "Fawzy, Adham"]
[Result "0-1"]
[ECO "B31"]
[WhiteElo "2288"]
[BlackElo "2522"]
[Annotator "RC"]
[PlyCount "110"]
[EventDate "2024.01.20"]
[EventType "swiss"]
[EventCountry "IND"]
[SourceTitle "playchess.com"]
[Source "ChessBase"]
[SourceQuality "1"]
[TimeControl "5400+30"]

1. e4 c5 2. Nf3 Nc6 3. Bb5 g6 4. O-O Bg7 5. c3 Nf6 6. Re1 O-O 7. d4 a6 8. Bxc6 dxc6 9. Qc2 Bg4 10. Nbd2 cxd4 11. cxd4 e5 12. Nxe5 Qxd4 13. Ndf3 Qb4 14. Bd2 Qb6 15. Be3 Qc7 16. Bc5 Rfd8 17. h3 Be6 18. Nc4 Bxc4 19. Qxc4 Nd7 20. Ba3 b5 21. Qc2 a5 22. Be7 Re8 23. Bh4 c5 24. Rad1 c4 25. Rd5 Qc6 26. Red1 Nc5 27. e5 Rac8 28. b3 Nd3 29. bxc4 Nb4 30. Qb2 Qxc4 31. R5d2 Nc6 32. Rc2 Nxe5 33. Rxc4 Nxf3+ 34. gxf3 Bxb2 35. Rxc8 Rxc8 36. Rd5 Rb8 37. Bg3 Rb7 38. Be5 Bxe5 39. Rxe5 a4 40. a3 b4 41. axb4 Rxb4 42. Ra5 h5 43. Kf1 Kg7 44. Ke2 f6 45. Ke3 g5 46. Ra7+ Kg6 47. Ra5 Rf4 48. Ra8 h4 49. Ra5 Kf7 50. Ra6 Ke7 51. Rc6 Kd7 52. Rc5 Kd6 53. Rc8 Kd5 54. Rc7 Rb4 55. Rf7 a3 0-1